 Dungeon Crawl Stone Soup version 0.19.5 (webtiles) character file.

261 Shoikan the Cudgeler (level 5, -7/48 HPs)
             Began as a Minotaur Berserker on Mar 17, 2017.
             Was a Believer of Trog.
             Mangled by an orc warrior
             ... wielding a +2 long sword of electrocution
              (13 damage)
             ... on level 4 of the Dungeon.
             The game lasted 00:14:05 (2685 turns).

Shoikan the Cudgeler (Minotaur Berserker)           Turns: 2685, Time: 00:14:06

Health: -7/48      AC:  5    Str: 21    XL:     5   Next: 96%
Magic:  4/4        EV: 12    Int:  4    God:    Trog [**....]
Gold:   88         SH:  0    Dex: 11    Spells: 0 memorised, 4 levels left

rFire  . . .     SeeInvis .     a - +0 mace
rCold  . . .     Gourm    .     p - +0 ring mail
rNeg   . . .     Faith    .     (no shield)
rPois  .         Spirit   .     (helmet restricted)
rElec  .         Reflect  .     (no cloak)
rCorr  .         Harm     .     (no gloves)
MR     .....                    (no boots)
Stlth  ++........               (no amulet)
                                k - ring of stealth
                                (no ring)

@: no status effects
A: retaliatory headbutt, horns 2
a: Berserk, Trog's Hand, Burn Spellbooks, Renounce Religion


You were on level 4 of the Dungeon.
You worshipped Trog.
Trog was pleased with you.
You were not hungry.

You visited 1 branch of the dungeon, and saw 4 of its levels.

You collected 88 gold pieces.

Inventory:

Hand Weapons
 a - a +0 mace (weapon)
Armour
 p - a +0 ring mail (worn)
Jewellery
 k - a ring of stealth (right hand)
Scrolls
 g - 2 scrolls of fog
 j - a scroll of remove curse
 m - a scroll of enchant weapon {unknown}
 n - a scroll of immolation {unknown}
 s - a scroll of fear
Potions
 e - a potion of haste
 f - a potion of cancellation {unknown}
 i - a potion of curing {unknown}
 l - a potion of magic {unknown}
 q - 2 potions of degeneration {unknown}
 t - a potion of flight {unknown}
Comestibles
 c - 3 bread rations
 d - 5 meat rations
 o - a slice of pizza
 r - a beef jerky


   Skills:
 + Level 5.4 Fighting
 + Level 5.6 Maces & Flails
 + Level 3.7 Armour
 + Level 3.2 Dodging
 - Level 0.1 Stealth


You had 4 spell levels left.
You didn't know any spells.

Dungeon Overview and Level Annotations

Branches:
Dungeon (4/15)
 Temple: D:4-7

Altars:
Yredelemnul


Innate Abilities, Weirdness & Mutations

You reflexively headbutt those who attack you in melee.
You have a pair of horns on your head.


Message History

The orc warrior throws a tomahawk of dispersal.
The tomahawk of dispersal barely misses you.
The orc warrior throws a tomahawk of dispersal.
The tomahawk of dispersal hits you!!
You blink.
An orc comes into view. It is wielding a short sword.
You hit the orc warrior.
You headbutt the orc warrior, but do no damage.
The orc warrior is lightly wounded.
The orc warrior hits you with a long sword of electrocution.
You hit the orc warrior but do no damage.
The orc wizard closely misses you.
The orc warrior hits you with a long sword of electrocution.
You are electrocuted!
* * * LOW HITPOINT WARNING * * *
You are too injured to fight recklessly!
You are too injured to fight recklessly!
You barely miss the orc. The orc wizard closely misses you.
The orc hits you but does no damage.
The orc warrior hits you with a long sword of electrocution!
You die...

#####o#
#..)..#
#o#####
#@# #o#
#o# #.#
#.# #.#
#.# #..
###


You could see an orc warrior, an orc wizard and an orc.

Vanquished Creatures
  An orc wizard (D:3)
  An iguana (D:4)
  Robin (D:3)
  4 gnolls
  6 adders
  An ooze (D:2)
  An adder skeleton (D:4)
  A dart slug (D:1)
  12 orcs
  4 giant cockroaches
  18 goblins
  8 hobgoblins
  5 kobolds
  6 quokkas
  2 ball pythons (D:1)
  8 bats
  5 rats
84 creatures vanquished.

Vanquished Creatures (others)
  4 toadstools (D:1)
4 creatures vanquished.

Grand Total: 88 creatures vanquished

Notes
Turn   | Place    | Note
-------+----------+-------------------------------------------
     0 | D:1      | Shoikan the Minotaur Berserker began the quest for the Orb.
     0 | D:1      | Reached XP level 1. HP: 19/19 MP: 0/0
    33 | D:1      | Reached XP level 2. HP: 14/27 MP: 1/1
   597 | D:1      | Reached XP level 3. HP: 34/34 MP: 2/2
   856 | D:2      | Reached XP level 4. HP: 37/41 MP: 3/3
   895 | D:2      | Reached skill level 5 in Fighting
  1149 | D:2      | Reached ** piety under Trog
  1464 | D:2      | Found a faded altar of an unknown god.
  1464 | D:2      | Found a basalt altar of Yredelemnul.
  1471 | D:2      | Found a faded altar of an unknown god.
  1473 | D:2      | Found a faded altar of an unknown god.
  1474 | D:2      | Found a faded altar of an unknown god.
  1601 | D:3      | Reached skill level 5 in Maces & Flails
  1602 | D:3      | Reached XP level 5. HP: 40/48 MP: 4/4
  1618 | D:3      | HP: 3/72 [orc wizard/dagger (2)]
  1942 | D:3      | Noticed Robin
  1964 | D:3      | Killed Robin
  2342 | D:4      | HP: 2/48 [iguana (9)]
  2673 | D:4      | Noticed an orc warrior
  2685 | D:4      | Mangled by an orc warrior

Skill      XL: |  1  2  3  4  5 |
---------------+----------------+-----
Maces & Flails | 4 5 |  5.6
Fighting       | 4 5 |  5.4
Armour         | 3 |  3.7
Dodging        | 3 |  3.2
Stealth        | |  0.1

Action                   |  1- 3 |  4- 6 || total
-------------------------+-------+-------++-------
Melee: Mace              |    33 |   115 ||   148
       Headbutt          |     8 |    19 ||    27
Invok: Berserk           |       |     3 ||     3
  Use: Scroll            |       |     4 ||     4
       Potion            |       |     1 ||     1
 Stab: Sleeping          |     3 |       ||     3
  Eat: Chunk             |       |     9 ||     9
Armor: Animal skin       |     5 |       ||     5
       Ring mail         |       |    34 ||    34
Dodge: Dodged            |    20 |    77 ||    97
